 Seeded DCSS version 0.27.1-35-g4d5d836560 (webtiles) character file.

Game seed: 1001837481477946641 (custom seed)

44 Hubjo the Ruffian (level 3, -2/32 HPs)
             Began as a Troll Monk on Apr 13, 2022.
             Was a Believer of Hepliaklqana.
             Slain by a gnoll (5 damage)
             ... on level 2 of the Dungeon.
             The game lasted 00:02:16 (503 turns).

Hubjo the Ruffian (Troll Monk)                       Turns: 503, Time: 00:02:17

Health: -2/32      AC:  4    Str: 19    XL:     3   Next: 41%
Magic:  2/2        EV: 10    Int:  7    God:    Hepliaklqana [**....]
Gold:   32         SH:  0    Dex: 12    Spells: 2/2 levels left

rFire    . . .     SeeInvis .     - Unarmed
rCold    . . .     Faith    .   (no shield)
rNeg     . . .     Spirit   .   a - +0 robe
rPois    .         Reflect  .   (helmet restricted)
rElec    .         Harm     .   (no cloak)
rCorr    .         Rampage  .   (gloves unavailable)
Will     .....                  (boots unavailable)
Stlth    ++........             (no amulet)
HPRegen  1.10/turn              (no ring)
MPRegen  0.08/turn              (no ring)

@: studying Ice Magic
A: reduced essence, large, unfitting armour, claws 3, regeneration 1, shaggy fur
1, tough skin 1
a: Renounce Religion, Recall Ancestor, Ancestor Identity


You were on level 2 of the Dungeon.
You worshipped Hepliaklqana.
Hepliaklqana was pleased with you.
You visited 1 branch of the dungeon, and saw 2 of its levels.

You collected 32 gold pieces.

Inventory:

Armour
 a - a +0 robe (worn)
Scrolls
 b - a scroll of amnesia
Potions
 f - a potion of lignification {unknown}


   Skills:
 + Level 2.6 Fighting
 + Level 2.9 Dodging
 + Level 1.1 Stealth
 + Level 3.7 Unarmed Combat


You had 2 spell levels left.
You didn't know any spells.
Your spell library was empty.

Dungeon Overview and Level Annotations

Branches:
Dungeon (2/15)

Altars:
Hepliaklqana


Innate Abilities, Weirdness & Mutations

Your life essence is reduced to manifest your ancestor. (-10% HP)
You are too large for most types of armour.
You have claws for hands.
Your natural rate of healing is unusually fast.
You are covered in fur. (AC +1)
You have tough skin. (AC +1)


Message History

Found 6 atropa-tipped darts and a dagger.
A frilled lizard is nearby!
A frilled lizard is nearby!
A frilled lizard is nearby!
A frilled lizard is nearby!
A frilled lizard is nearby!
A gnoll comes into view. It is wielding a +0 spear.
The frilled lizard barely misses you.
You see here 6 atropa-tipped darts.
The gnoll shouts!
The frilled lizard closely misses you.
The frilled lizard bites you but does no damage.
Hubquo hits the frilled lizard with a +0 quarterstaff!
The frilled lizard dies!
A gnoll comes into view. It is wielding a +0 club.
A gnoll comes into view. It is wielding a +0 whip.
A gnoll comes into view. It is wielding a +0 flail.
The gnoll hits you but does no damage.
Hubquo casts a spell at the gnoll.
The stone arrow hits the gnoll!
The gnoll hits Hubquo from afar with a +0 spear!
Hubquo casts a spell at the gnoll.
The puff of frost hits the gnoll.
The gnoll dies!
The gnoll hits you with a +0 club. The gnoll closely misses you.
The gnoll completely misses Hubquo.
Hubquo hits the gnoll with a +0 quarterstaff.
The gnoll hits you with a +0 club. The gnoll hits you with a +0 whip.
The gnoll hits Hubquo with a +0 flail!
Hubquo is destroyed!
The gnoll hits you with a +0 club. The gnoll closely misses you.
The gnoll barely misses you. The gnoll hits you but does no damage.
The gnoll hits you with a +0 flail. The gnoll hits you but does no damage.
The gnoll barely misses you. The gnoll hits you with a +0 flail!
The gnoll hits you with a +0 club. The gnoll barely misses you.
The gnoll hits you with a +0 flail!
* * * LOW HITPOINT WARNING * * *
The gnoll hits you with a +0 club.
You die...

#..........#
#..........#
#..........#
#..........#
#..........+
#..........+####
#.....ggg......#
#@.......#
#........#
#....(.).#
#...†....#
#........#
#........#
#####.#### #.#
#.#


You could see 3 gnolls.

Vanquished Creatures
  2 bats (D:1)
  An endoplasm (D:1)
  2 giant cockroaches (D:1)
  5 goblins (D:1)
  6 hobgoblins (D:1)
  4 jackals (D:1)
  3 ball pythons (D:1)
  2 frilled lizards (D:1)
  3 kobolds (D:1)
  A rat (D:1)
29 creatures vanquished.

Vanquished Creatures (collateral kills)
  A gnoll (D:2)
  A frilled lizard (D:2)
2 creatures vanquished.

Vanquished Creatures (others)
  A battlemage (D:2)
1 creature vanquished.

Grand Total: 32 creatures vanquished

Notes
Turn   | Place    | Note
-------+----------+-------------------------------------------
     0 | D:1      | Hubjo the Troll Monk began the quest for the Orb.
     0 | D:1      | Reached XP level 1. HP: 22/22 MP: 0/0
    22 | D:1      | Found a faded altar of an unknown god.
   100 | D:1      | Reached XP level 2. HP: 21/29 MP: 1/1
   254 | D:1      | Reached XP level 3. HP: 36/36 MP: 2/2
   462 | D:1      | Became a worshipper of Hepliaklqana the Forgotten
   462 | D:1      | Reached * piety under Hepliaklqana
   462 | D:1      | Reached ** piety under Hepliaklqana
   463 | D:1      | Remembered your ancestor Hubquo as a battlemage
   466 | D:1      | Identified a scroll of acquirement
   467 | D:1      | Acquired a manual of Ice Magic
   503 | D:2      | Slain by a gnoll

Illustrated notes

Levels and vault maps discovered:
D:1:      wander_arrival_fairy_ring, layout_rooms,
          ebering_ecumenical_altar_abandoned
D:2:      layout_basic, basic_altar, minmay_misc_feat_columns

Action                   || total
-------------------------++-------
Melee: Unarmed           ||    71
Invok: Ancestor Life: Ba ||     1
       Ancestor Identity ||     1
  Use: Scroll            ||     4
 Stab: Sleeping          ||     2
Armor: Robe              ||    50
Dodge: Dodged            ||    78
